AoeStats
← Křovák

Hideout

507263881Analyzed
1v1 RM · 16d ago on Sep 17, 2026· 50m 10s· 2 players
Game mode
Random Map
Map size
Tiny (2 player)
Population
200
Speed
Normal
Resources
Standard
Victory
Conquest
Starting age
Dark Age
Ending age
Imperial Age
RankedLock teamsTeams togetherTeam positionsShared explorationLock speedFull tech treeHidden civsTurbo modeCheats
Victory
Defeat
🇹🇷 Dravidians · Türkiye
861
+16
🇨🇿 Malians · Czechia
868
-16
KHRM
13:33 Feudal Age
13:56 Horse Collar
14:04 Double-Bit Axe
21:50 Castle Age
22:56 Heavy Plow
23:08 Bow Saw
22:50 Gold Mining
22:52 Stone Mining
25:11 Elite Skirmisher
26:06 Forging
25:47 Fletching
25:57 Scale Mail Armor
26:00 Padded Archer Armor
25:25 Pikeman
31:58 Ballistics
37:35 Imperial Age
41:19 Chain Mail Armor
41:40 Iron Casting
43:15 Chemistry
47:08 Hoardings
Křovák
7:58 Loom
11:46 Feudal Age
12:23 Double-Bit Axe
12:25 Horse Collar
19:13 Castle Age
20:30 Bow Saw
22:02 Heavy Plow
29:05 Town Watch
30:28 Pikeman
31:08 Squires
34:37 Imperial Age
33:20 Fletching
34:21 Bodkin Arrow
34:48 Ballistics
35:32 Forging
35:23 Scale Mail Armor
39:14 Hoardings
Connection lost

Rejoining the realm…

Still unreachable

The connection could not be restored.

Session expired

The server has moved on; the page needs a fresh start.